 Dungeon Crawl Stone Soup version 0.29-a0-520-gc852659d43 (webtiles) character file.

Game seed: 9687291153803398379

23 xian the Stinger (level 3, -4/24 HPs)
             Began as a Formicid Venom Mage on May 31, 2022.
             Slain by Terence
             ... wielding a +0 mace
              (9 damage)
             ... on level 2 of the Dungeon.
             The game lasted 00:03:56 (1495 turns).

xian the Stinger (Formicid Venom Mage)              Turns: 1495, Time: 00:03:57

Health: -4/24      AC:  2    Str: 12    XL:     3   Next: 10%
Magic:  0/6        EV: 12    Int: 16    God:
Gold:   88         SH:  0    Dex: 11    Spells: 4/7 levels left

rFire   . . .      SeeInvis +   (no weapon)
rCold   . . .      Faith    .   (no shield)
rNeg    . . .      Spirit   .   a - +0 robe
rPois   .          Reflect  .   (helmet unavailable)
rElec   .          Harm     .   (no cloak)
rCorr   .          Rampage  .   (no gloves)
Will    .....                   (no boots)
Stlth   ++........              (no amulet)
HPRegen 0.08/turn               (no ring)
MPRegen 0.10/turn               (no ring)

@: very slightly contaminated
A: permanent stasis, dig shafts and tunnels, antennae 3, four strong arms
a: Dig, Shaft Self


You were on level 2 of the Dungeon.
You visited 1 branch of the dungeon, and saw 2 of its levels.

You collected 88 gold pieces.

Inventory:

Missiles
 f - 2 poisoned darts
Armour
 a - a +0 robe (worn)
Scrolls
 c - a scroll of enchant weapon {unknown}
 d - 2 scrolls of identify {unknown}
 g - a scroll of teleportation {unknown}
Potions
 b - a potion of magic
 e - a potion of flight {unknown}
 h - a potion of invisibility {unknown}


   Skills:
 + Level 0.3 Fighting
 + Level 2.2 Dodging
 + Level 2.5 Stealth
 + Level 0.1 Unarmed Combat
 + Level 2.5 Spellcasting
 + Level 1.4 Transmutations
 + Level 4.3 Poison Magic


You had 4 spell levels left.
You knew the following spells:

 Your Spells              Type           Power      Damage    Failure   Level
a - Sting                 Tmut/Pois      44%        1d5       6%          1
b - Poisonous Vapours     Pois/Air       16%        N/A       12%         2

Your spell library contained the following spells:

 Spells                   Type           Power      Damage    Failure   Level
 Mephitic Cloud           Conj/Pois/Air  6%         N/A       32%         3
 Olgreb's Toxic Radiance  Pois           15%        N/A       32%         4


Dungeon Overview and Level Annotations

Branches:
Dungeon (2/15)

Altars:

Annotations:
D:2 Terence


Innate Abilities, Weirdness & Mutations

You cannot be hasted, slowed, berserked, paralysed or teleported.
You can dig through walls and to a lower floor.
You have a pair of large antennae on your head. (SInv)
Your four strong arms can wield two-handed weapons with a shield.


Message History

Terence the Incautious comes into view.
He is wielding a +0 mace and wearing a +1 scale mail of positive energy.
You see here a bat corpse.
Found a stone staircase leading up.
Terence shouts!
Found 12 gold pieces.
Casting: Sting (safe; 6% risk of failure)
Confirm with . or Enter, or press ? or * to list all spells.
Aiming: Poisonous Vapours (safe; 12% risk of failure)
Press: ? - help, Dir - move target, f - Terence
Aim: Terence, wielding a +0 mace and wearing a +1 scale mail of positive energy Poisonous vapours surround Terence!
Terence is poisoned.
Casting: Poisonous Vapours (safe; 12% risk of failure)
Confirm with . or Enter, or press ? or * to list all spells.
Aiming: Poisonous Vapours (safe; 12% risk of failure)
Press: ? - help, Dir - move target, f/p - Terence
Aim: Terence, wielding a +0 mace and wearing a +1 scale mail of positive energy (lightly wounded, poisoned)
You miscast Poisonous Vapours.
You are very lightly contaminated with residual magic.
Nothing appears to happen.
Casting: Poisonous Vapours (safe; 12% risk of failure)
Confirm with . or Enter, or press ? or * to list all spells.
Aiming: Poisonous Vapours (safe; 12% risk of failure)
Press: ? - help, Dir - move target, f/p - Terence
Aim: Terence, wielding a +0 mace and wearing a +1 scale mail of positive energy (lightly wounded, poisoned) Poisonous vapours surround Terence!
Terence looks even sicker.
Unknown command.
You hit Terence but do no damage.
Terence is lightly wounded.
You closely miss Terence.
Terence is lightly wounded.
Terence hits you with a +0 mace.
You barely miss Terence.
Terence is moderately wounded.
Terence hits you with a +0 mace!
You hit Terence but do no damage.
Terence is moderately wounded.
Terence hits you with a +0 mace!
* * * LOW HITPOINT WARNING * * *
Terence hits you with a +0 mace!
You die...

.<. #.# .. ..##.#
... ..#.# ....#.#.#
....#.#.#######
........#.....###.)
...............#...
......@...........#
.......@†........#
.................#
.................##
................>..
.................#
.........†...^...#
$...?..##.....####
....#####...#####
................


You could see Terence (poisoned).

Vanquished Creatures
  An endoplasm (D:1)
  A giant cockroach (D:1)
  3 jackals (D:1)
  A kobold (D:1)
  2 quokkas (D:1)
  5 ball pythons
  5 bats
  3 frilled lizards
  A rat (D:1)
22 creatures vanquished.

Notes
Turn   | Place    | Note
-------+----------+-------------------------------------------
     0 | D:1      | xian the Formicid Venom Mage began the quest for the Orb.
     0 | D:1      | Reached XP level 1. HP: 13/13 MP: 3/3
   418 | D:1      | Reached XP level 2. HP: 5/19 MP: 0/5
  1118 | D:1      | Found a faded altar of an unknown god.
  1402 | D:2      | Learned a level 2 spell: Poisonous Vapours
  1421 | D:2      | Reached XP level 3. HP: 24/24 MP: 3/6
  1485 | D:2      | Noticed Terence
  1495 | D:2      | Slain by Terence

Illustrated notes

Levels and vault maps discovered:
D:1:      roderic_chinese_lattice_arrival, layout_basic,
          ebering_ecumenical_altar_rust
D:2:      minmay_evil_eye, layout_rooms, uniq_terence

Skill      XL: |  1  2 |
---------------+-------+-----
Dodging        | 2 |  2.2
Fighting       | |  0.3
Stealth        | |  2.5
Unarmed Combat | |  0.1
Spellcasting   | |  2.5
Transmutations | |  1.4
Poison Magic   | |  4.3

Action                   || total
-------------------------++-------
Melee: Unarmed           ||    57
 Cast: Sting             ||    31
       Poisonous Vapours ||     2
Armor: Robe              ||    19
Dodge: Dodged            ||    54

Table legend: (Time is in decaauts)
 A = Elapsed time spent in this place.
 B = Non-inter-level travel time spent in this place.
 C = Inter-level travel time spent in this place.
 D = Time resting spent in this place.
 E = Time spent auto-exploring this place.
 F = Levels seen in this place.
 G = Mean time per level.
                   A        B        C        D        E       F      G
               +--------+--------+--------+--------+--------+-----+--------+
         Total |   1494 |   1494 |      0 |    472 |    770 |   2 |  747.0 |
       Dungeon |   1494 |   1494 |      0 |    472 |    770 |   2 |  747.0 |
               +--------+--------+--------+--------+--------+-----+--------+

Top non-repeatable levels by time:
     D:1: 1394 daAuts
     D:2: 100 daAuts
